 Dungeon Crawl Stone Soup version 0.19.5 (webtiles) character file.

44 RaHiT the Charmwright (level 3, -1/29 HPs)
             Began as a Demigod Skald on Apr 6, 2017.
             Slain by a hobgoblin
             ... wielding a +0 club
              (2 damage)
             ... on level 2 of the Dungeon.
             The game lasted 00:06:39 (1006 turns).

RaHiT the Charmwright (Demigod Skald)               Turns: 1006, Time: 00:06:40

Health: -1/29      AC:  3    Str: 16 (17) XL:     3   Next: 23%
Magic:  6/8        EV: 11    Int: 15 (16) God:
Gold:   79         SH:  0    Dex: 12 (15) Spells: 1 memorised, 5 levels left

rFire  . . .     SeeInvis .     a - +0 hand axe
rCold  . . .     Gourm    .     b - +0 leather armour
rNeg   + . .     Faith    .     (no shield)
rPois  +         Spirit   .     (no helmet)
rElec  .         Reflect  .     (no cloak)
rCorr  +         Harm     .     (no gloves)
MR     .....                    (no boots)
Stlth  +.........               (no amulet)
                                q - ring of resist corrosion
                                p - ring of positive energy

@: lethally poisoned (-1 -> -5), flying
A: high mp 1, poison resistance
a: no special abilities


You were on level 2 of the Dungeon.
You were hungry.

You visited 1 branch of the dungeon, and saw 2 of its levels.

You collected 79 gold pieces.

Inventory:

Hand Weapons
 a - a +0 hand axe (weapon)
 r - a +3 short sword
Missiles
 i - 6 curare-tipped needles
Armour
 b - a +0 leather armour (worn)
 l - a +0 ring mail
Jewellery
 p - a ring of positive energy (left hand)
 q - a ring of resist corrosion (right hand)
Wands
 m - a wand of disintegration (11/24)
Scrolls
 f - a scroll of enchant armour {unknown}
 h - 3 scrolls of recharging {unknown}
 o - a scroll of fear {unknown}
Books
 c - a book of Battle

   Spells                             Type                      Level
   a - Infusion                       Charms                       1
   b - Shroud of Golubria             Charms/Translocation         2
   c - Song of Slaying                Charms                       2
   d - Spectral Weapon                Hexes/Charms                 3
   e - Regeneration                   Charms/Necromancy            3
Comestibles
 d - a bread ration
 g - 2 meat rations


   Skills:
 - Level 2.0 Fighting
 + Level 2.8 Axes
 - Level 0.8 Armour
 - Level 0.8 Dodging
 - Level 2.0 Spellcasting
 - Level 3.1 Charms


You had 5 spell levels left.
You knew the following spells:

 Your Spells              Type           Power        Failure   Level  Hunger
a - Infusion              Chrm           ##..         10%         1    #......


Dungeon Overview and Level Annotations

Branches:
Dungeon (2/15)


Innate Abilities, Weirdness & Mutations

You have an increased reservoir of magic. (+10% MP)
Your system is resistant to poisons. (rPois)


Message History

* * * LOW HITPOINT WARNING * * *
You feel sick.
Your magical infusion is running out.
* * * LOW HITPOINT WARNING * * *
You feel sick. The hobgoblin closely misses you.
* * * LOW HITPOINT WARNING * * *
You feel sick.
* * * LOW HITPOINT WARNING * * *
You feel sick.
* * * LOW HITPOINT WARNING * * *
You feel sick.
A kobold comes into view.
You are no longer magically infusing your attacks.
A hobgoblin comes into view. It is wielding a club.
You are feeling hungry.
The hobgoblin moves out of view.
* * * LOW HITPOINT WARNING * * *
You feel sick. The hobgoblin hits you with a club.
You die...

#.... .#
###.### #....
K..# .......
+...> ..#
###+### #....
..# #.... ..#
.. #.^#+#.#
..
#####..g...#
.#
#......@#g.#
.#
#.###.#.#..#
###.# .. ..
#.#..# ..#.#
....#.
#.#..#####
#.#.##.....#
#........#
..).)......
###........#
...........
.........?..#
...###.....
#####.......#
...........
####.......#


You could see a hobgoblin.

Vanquished Creatures
  2 adders (D:2)
  A dart slug (D:1)
  A leopard gecko (D:1)
  2 bats (D:2)
  2 giant cockroaches (D:2)
  2 hobgoblins
  A quokka (D:2)
  A ball python (D:2)
  2 frilled lizards (D:1)
  4 goblins
  2 kobolds (D:1)
  5 rats
25 creatures vanquished.

Notes
Turn   | Place    | Note
-------+----------+-------------------------------------------
     0 | D:1      | RaHiT the Demigod Skald began the quest for the Orb.
     0 | D:1      | Reached XP level 1. HP: 17/17 MP: 5/5
   202 | D:1      | Reached skill level 3 in Charms
   235 | D:1      | Reached XP level 2. HP: 17/24 MP: 5/7
   963 | D:2      | Reached XP level 3. HP: 25/29 MP: 8/8
   994 | D:2      | Gained mutation: Your system is resistant to poisons. (rPois) [potion of beneficial mutation]
  1002 | D:2      | HP: 1/29 [poisoned by an adder]
  1006 | D:2      | Slain by a hobgoblin

Skill      XL: |  1  2 |
---------------+-------+-----
Spellcasting   | 2 |  2.0
Charms         | 3 |  3.1
Fighting       | 2 |  2.0
Axes           | 2 |  2.8
Armour         | |  0.8
Dodging        | |  0.8

Action                   || total
-------------------------++-------
Melee: Hand axe          ||    58
 Cast: Infusion          ||     8
  Use: Potion            ||     3
 Stab: Sleeping          ||     1
Armor: Leather armour    ||    13
Dodge: Dodged            ||    41
